Unix NetHack Version 5.0.0-0 post-release - last build May 10 2026 23:12:36 (d1fa5d53e341ca933230fdaa984d921c805b60aa,branch:main).

Game began 2026-05-11 18:28:21, ended 2026-05-11 20:06:09.

Hareimo, chaotic male human Wizard

                                                               ---
                                ---                 ---       -..--
                               -..|                |..--     .....----
                              |...----             |....|   |........|
          ---    ----         |......---           |....|    -...@...|
         -..-----...-------   |...%....|           |....--   |...a..>|
        |....--.......--..-----.--.....--          ---...--  --.....--
        |..................||...|--.....|            |-...|   --..---
        ---................--.--- -.`..--    ---     |...-|    --.....
         |....................|  |.....|    --.--  ---....---   ---....
         |.................----   -..---    |...--|.........|    --....
      ----..................|    |...|      |....--.........--   -.)...
     --....................--     --.|      ---...`.... .....---|......
     |...... -.............--      |.|        --.......  .......|..---
     |......|--^..........^.---    |.|         -.*....    ......^..|
     ---.|..--.........---....|    |.|        |.)....      ---....--
       ----..)%--.....-- --...|    |.|        |%(%...        --...-
         |.%.).|----.--   |..--   --.-----------*...           -..
         |.<..)|    -      ---    |................
         ---.---                  --..------------
                                   ----
Hareimo the Thaumaturge   St:11 Dx:13 Co:17 In:18 Wi:8 Ch:9  Chaotic
Dlvl:5  $:667 HP:0(66) Pw:65(73) AC:4  Xp:8 T:6917 

Latest messages:
 The yellow light explodes!
 You are blinded by a blast of light!
 It hits!
 You are frozen!
 It hits again!
 It hits!
 It hits again!
 It hits!
 It hits again!
 It hits!
 It hits again!
 You can move again.
 You hit it.
 You destroy it!
 A fire ant suddenly appears!
 What do you want to name? [a-ehjm-prt-zB-DFH-MO-RT-XZ or ?*] ?
 What do you want to name this ring of free action named 100? 
 What do you want to name? [a-ehjm-prt-zB-DFH-MO-RT-XZ or ?*] D
 What do you want to name this ring of free action named 100?  
 What do you want to name? [a-ehjm-prt-zB-DFH-MO-RT-XZ or ?*] ?
 What do you want to name this ring of see invisible named 75?  
 What do you want to use or apply? [cehnowxzQVX or ?*] V
 You snuff out your candle.
 You don't find anything here to loot.
 You don't find anything here to loot.
 In what direction? 2
 The spell hits the fire ant!
 In what direction? 2
 The spell misses the fire ant.
 The fire ant bites!
 The fire ant bites again!
 You're on fire!
 One of your clear potions boils and explodes!
 Call a clear potion: water
 Your candle feels warm.
 Your candle feels warm.
 You miss the fire ant.
 The fire ant bites!
 The fire ant bites again!
 You're on fire!
 Your potion called water boils and explodes!
 The fire ant bites!
 The fire ant bites again!
 You're on fire!
 You can see again.
 Are you sure you want to pray? [yn] (n) y
 You begin praying to Anhur.
 The fire ant bites!
 You die...
 Do you want your possessions identified? [ynq] (y) q

Inventory:
 Coins    ('$')
  $ - 667 gold pieces
 Amulets  ('"')
  I - an uncursed amulet of flying
 Weapons  (')')
  p - a blessed +1 arrow
  P - a +0 elven dagger
  a - a blessed +1 quarterstaff (weapon in hands)
 Armor    ('[')
  K - an uncursed +0 orcish helm (being worn)
  O - an uncursed +0 pair of gauntlets of dexterity (being worn)
  B - a cursed +0 pair of gauntlets of power
  t - an uncursed +0 pair of high boots
  y - an uncursed +0 pair of speed boots
  J - an uncursed +0 shield of reflection
  b - an uncursed +0 cloak of magic resistance (being worn)
  L - an uncursed +0 cloak of protection
  U - an uncursed +0 studded leather armor (being worn)
 Comestibles  ('%')
  j - 2 uncursed slime molds
  m - an uncursed cram ration
  Q - an uncursed cream pie
  R - 3 uncursed food rations
  C - a cursed lembas wafer
  r - an uncursed orange
  Z - an uncursed pancake
  T - 2 uncursed tripe rations
  v - an uncursed lizard corpse
 Scrolls  ('?')
  M - 2 uncursed scrolls of identify
 Spellbooks  ('+')
  h - an uncursed spellbook of magic missile
 Rings    ('=')
  D - an uncursed ring of free action
  u - an uncursed +2 ring of protection
  d - an uncursed ring of searching
  F - an uncursed ring of see invisible
 Wands    ('/')
  z - a wand of create monster (0:11)
  x - a cursed wand of digging (0:5)
  o - a wand of sleep named sleep (0:2)
  c - a wand of speed monster (0:8)
 Tools    ('(')
  w - a cursed blindfold
  e - an uncursed lock pick
  n - a magic marker (0:22)
  X - an uncursed partly used tallow candle (lit)
  V - an uncursed partly used wax candle (lit)
 Gems/Stones  ('*')
  W - an uncursed worthless piece of white glass

Hareimo the Wizard's attributes:

Background:
 You were a Thaumaturge, a level 8 male human Wizard.
 You were chaotic, on a mission for Anhur
 who was opposed by Ptah (lawful) and Thoth (neutral).
 You were right-handed.
 You were in the Gnomish Mines, on level 5.
 You entered the dungeon 6917 turns ago.
 You had 1396 experience points, 1164 more were needed to attain level 9.

Basics:
 You had 0 out of 66 hit points.
 You had 65 out of 73 energy points (spell power).
 Your armor class was 4.
 Your wallet contained 667 zorkmids.
 Autopickup was off.

Final Characteristics:
 Your strength was 11 (peak:12, limit:18/100).
 Your dexterity was 13 (limit:18).
 Your constitution was 17 (limit:18).
 Your intelligence was 18 (limit:18).
 Your wisdom was 8 (limit:18).
 Your charisma was 9 (limit:18).

Final Status:
 You weren't hungry.
 You were unencumbered.
 You were wielding a quarterstaff.
 You were skilled in quarterstaff and could have enhanced that.

Final Attributes:
 You were piously aligned.
 You were magic-protected.
 You were poison resistant.
 You were telepathic.
 You were warded.
 Anhur was angry with you.
 You are dead.

Miscellaneous:
 You encountered 1 bones level.
 Total elapsed playing time was 1 hour, 37 minutes and 46 seconds.

Major events:
 Turn
    1: Hareimo the chaotic male human Wizard entered the dungeon
 1116: attained the rank of Conjurer (level 3)
 1845: entered the Gnomish Mines
 3219: attained the rank of Thaumaturge (level 6)
 3229: found Mjollnir on the floor
 3258: entered Sokoban
 3758: completed 1st Sokoban level
 4103: completed 2nd Sokoban level
 4626: completed 3rd Sokoban level
 6714: reached Mine Town
 6917: killed by a fire ant, while praying

Spells:
 Name                 Level Category     Fail Retention
 force bolt             1   attack         0%   61%-70%
 protection             1   clerical       0%   51%-75%
 light                  1   divination     0%   51%-75%

Skills:
 Fighting Skills
   bare handed combat [Unskilled]
   riding             [Unskilled]
 Weapon Skills
   dagger             [Unskilled]
   knife              [Unskilled]
   axe                [Unskilled]
   short sword        [Unskilled]
   club               [Unskilled]
   mace               [Unskilled]
   quarterstaff       [Skilled]
   polearms           [Unskilled]
   spear              [Unskilled]
   trident            [Unskilled]
   sling              [Unskilled]
   dart               [Unskilled]
   shuriken           [Unskilled]
 Spellcasting Skills
   attack spells      [Basic]
   healing spells     [Unskilled]
   divination spells  [Unskilled]
   enchantment spells [Basic]
   clerical spells    [Unskilled]
   escape spells      [Unskilled]
   matter spells      [Unskilled]

Voluntary challenges:
 Character rerolling was not enabled.
 You never genocided any monsters.
 You never polymorphed an object.
 You never changed form.
 You used no wishes.
 You violated the special Sokoban rules once.
Achievements:
 You entered a shop.
 You attained the rank of Conjurer.
 You entered the Gnomish Mines.
 You attained the rank of Thaumaturge.
 You entered Sokoban.
 You entered Minetown.

 The Dungeons of Doom: levels 1 to 9
    Level 1:
       A fountain, a grave.
    Level 2:
       A general store, a sink.
    Level 3:
       Stairs down to The Gnomish Mines.
    Level 4: "stash"
       An untended shop.
       Final resting place for
          NvrPhazed-Sam-Hum-Mal-Law, killed by a magic missile zapped by a shopkeeper.
    Level 5:
    Level 6:
       Many fountains.
    Level 7:
       A fountain.
       Stairs up to Sokoban, level 6.
    Level 8:
       A fountain.
    Level 9:
       A sink.
 The Gnomish Mines: levels 4 to 6
    Level 4:
    Level 5: <- You were here.
       Final resting place for
          you, killed by a fire ant, while praying.
    Level 6:
       A fountain, some trees.
 Sokoban: levels 6 up to 4
    Level 4:
       Solved.
    Level 5: "mumak above"
       Solved.
    Level 6:
       Solved.


Vanquished creatures:
  2 ghosts
  a giant beetle
  a quivering blob
  3 wolves
 an iron piercer
  a lizard
  a dingo
  a jaguar
  a blue jelly
  a dust vortex
  a raven
  a snake
  2 Woodland-elves
 an imp
  a wood nymph
  2 rock piercers
  a fog cloud
  3 yellow lights
  a violet fungus
  3 gnome leaders
  4 gnomish wizards
  2 ghouls
  a straw golem
  5 giant ants
  2 floating eyes
  6 dwarves
  8 hill orcs
  a rothe
  a centipede
  2 giant bats
  a monkey
  a werejackal
  2 iguanas
 an acid blob
  5 coyotes
  4 hobbits
  a large kobold
  2 hobgoblins
  4 cave spiders
  2 brown molds
 22 gnomes
  4 garter snakes
  6 geckos
  8 jackals
  a fox
  3 goblins
  9 grid bugs
  a lichen
  a kobold zombie
  7 newts
146 creatures vanquished.

No species were genocided or became extinct.

Game over:
                       ----------
                      /          \
                     /    REST    \
                    /      IN      \
                   /     PEACE      \
                  /                  \
                  |     Hareimo      |
                  |      667 Au      |
                  | killed by a fire |
                  |       ant        |
                  |                  |
                  |                  |
                  |       2026       |
                 *|     *  *  *      | *
        _________)/\\_//(\/(/\)/\//\/|_)_______

Goodbye Hareimo the Wizard...

You died in The Gnomish Mines on dungeon level 5 with 6967 points,
and 667 pieces of gold, after 6917 moves.
You were level 8 with a maximum of 66 hit points when you died.

